 Dungeon Crawl Stone Soup version 0.26.0-10-g1f06aea511 (webtiles) character file.

Game seed: 8832195174476933573

196180 MajorAdolf the Unseen (level 18, -3/171 HPs)
             Began as a Naga Wanderer on Feb 3, 2021.
             Was an Initiate of Gozag.
             Slain by a boulder beetle (5 damage)
             ... on level 2 of the Vaults on Feb 4, 2021.
             The game lasted 01:45:36 (71925 turns).

MajorAdolf the Unseen (Naga Wanderer)              Turns: 71925, Time: 01:45:37

Health: -3/171     AC: 20    Str: 14    XL:     18   Next: 36%
Magic:  0/25       EV: 12    Int: 22    God:    Gozag
Gold:   1711       SH: 16    Dex: 12    Spells: 24/27 levels left

rFire    . . .     SeeInvis +   a - +7 broad axe
rCold    + . .     Faith    .   s - +0 tower shield
rNeg     . . .     Spirit   +   l - +2 robe {Archmagi}
rPois    +         Reflect  .   A - +1 helmet
rElec    .         Harm     .   D - +0 cloak
rCorr    .         Rampage  .   C - +0 pair of gloves
Will     ++...     Clarity  +   o - +3 barding
Stlth    +++++++...             N - amulet of guardian spirit
HPRegen  0.38/turn              K - ring of wizardry
MPRegen  0.19/turn              H - ring of protection from cold

@: about to teleport, marked, gold aura, studying Evocations, very slow
A: large, see invisible, clarity, clever 1, deformed body, poison resistance,
slowness 2, spit poison 2, constrict 1, AC +6
}: 1/15 runes: gossamer
a: Breathe Poison Gas, Breathe Poison Gas, Renounce Religion, Potion Petition,
Call Merchant, Bribe Branch


You were on level 2 of the Vaults.
You worshipped Gozag.
Gozag was most pleased with you.
You visited 6 branches of the dungeon, and saw 30 of its levels.
You also visited: Sewer and Bailey.

You collected 12979 gold pieces.
You spent 5695 gold pieces at shops.
You paid 5573 gold pieces to Gozag.

Inventory:

Hand Weapons
 a - a +7 broad axe (weapon)
Armour
 l - a +2 robe of the Archmagi (worn)
 o - a +3 barding (worn)
 s - a +0 tower shield (worn)
 A - a +1 helmet (worn)
 C - a +0 pair of gloves (worn)
 D - a +0 cloak (worn)
 G - the +3 robe "Asuopub" {rElec rN+ Will+ rCorr Str+3}
   (You bought it in a shop on level 9 of the Dungeon)

   It affects your strength (+3).
   It insulates you from electricity.
   It protects you from negative energy.
   It affects your willpower, your defense against some magical effects.
   It provides partial protection from all sources of acid and corrosion.
 P - the +0 leather armour of Fun {rElec rPois rCorr Dex+4}
   (You bought it in a shop on level 1 of the Vaults)

   It affects your dexterity (+4).
   It insulates you from electricity.
   It protects you from poison.
   It provides partial protection from all sources of acid and corrosion.
 T - the +10 plate armour "Azyothew" {rPois}
   (You bought it in a shop on level 15 of the Dungeon)

   It protects you from poison.
 U - the +3 leather armour "Ewiorch" {rElec Str+4 Dex+3}
   (You bought it in a shop on level 1 of the Vaults)

   It affects your strength (+4).
   It affects your dexterity (+3).
   It insulates you from electricity.
 V - the +1 leather armour "Diupn" {*Contam Dex+7}
   (You bought it in a shop on level 1 of the Vaults)

   It affects your dexterity (+7).
   It causes magical contamination when unequipped.
Jewellery
 i - an uncursed ring of fire
 y - an uncursed ring of stealth
 H - a ring of protection from cold (right hand)
 I - an uncursed ring of stealth
 K - a ring of wizardry (left hand)
 L - an uncursed ring of willpower
 N - an amulet of guardian spirit (around neck)
 S - an uncursed ring of ice
 Z - a +4 ring of evasion {unknown}
Wands
 r - a wand of digging (16)
 w - a wand of acid (22)
 B - a wand of enslavement (7)
 F - a wand of flame (38)
 M - a wand of iceblast (33)
 Q - a wand of paralysis (6)
Scrolls
 b - 16 scrolls of identify
 c - 4 scrolls of amnesia
 h - 4 scrolls of magic mapping
 m - 3 scrolls of teleportation
 n - 6 scrolls of remove curse
 q - 4 scrolls of fog
 x - 2 scrolls of fear
 z - a scroll of holy word {unknown}
 J - a scroll of enchant armour
 R - 2 scrolls of blinking
Potions
 d - 3 potions of heal wounds
 e - 5 potions of flight
 f - 4 potions of curing
 g - 6 potions of might
 k - 3 potions of haste
 p - 6 potions of brilliance
 t - 4 potions of resistance
 u - a potion of cancellation
 E - 8 potions of mutation
 O - 4 potions of ambrosia
 W - a potion of berserk rage
 X - 3 potions of invisibility
 Y - 4 potions of lignification
Books
 v - a manual of Evocations
Miscellaneous
 j - a phantom mirror


   Skills:
 + Level 13.1 Fighting
 + Level 12.7(12.8) Axes
 - Level 3.0(8.9) Polearms
 - Level 1.0 Throwing
 + Level 10.9 Dodging
 + Level 18.4 Stealth
 + Level 11.0 Shields
 + Level 5.0 Spellcasting
 + Level 5.4 Transmutations
 + Level 5.5 Fire Magic
 + Level 7.1 Poison Magic
 + Level 14.7 Evocations


You had 24 spell levels left.
You knew the following spells:

 Your Spells              Type           Power        Failure   Level
a - Ignite Poison         Fire/Tmut/Pois 48%          2%          3

Your spell library contained the following spells:

 Spells                   Type           Power        Failure   Level
 Poisonous Vapours        Pois/Air       62%          3%          2
 Conjure Flame            Conj/Fire      26%          9%          3
 Inner Flame              Hex/Fire       26%          9%          3
 Corona                   Hex            8%           10%         1
 Summon Small Mammal      Summ           32%          10%         1
 Mephitic Cloud           Conj/Pois/Air  23%          11%         3
 Call Imp                 Summ           8%           14%         2
 Slow                     Hex            8%           14%         2
 Call Canine Familiar     Summ           8%           26%         3
 Confusing Touch          Hex            8%           26%         3
 Gell's Gravitas          Tloc           4%           26%         3
 Portal Projectile        Hex/Tloc       16%          26%         3
 Summon Guardian Golem    Hex/Summ       8%           26%         3
 Petrify                  Tmut/Erth      26%          30%         4
 Fireball                 Conj/Fire      13%          61%         5
 Yara's Violent Unravell  Hex/Tmut       13%          61%         5
 Cause Fear               Hex            4%           65%         4
 Leda's Liquefaction      Hex/Erth       4%           65%         4
 Summon Ice Beast         Ice/Summ       8%           65%         4
 Summon Lightning Spire   Summ/Air       8%           65%         4
 Metabolic Englaciation   Hex/Ice        4%           92%         5
 Starburst                Conj/Fire      13%          98%         6
 Freezing Cloud           Conj/Ice/Air   4%           100%        6
 Ignition                 Fire           22%          100%        8


Dungeon Overview and Level Annotations

Branches:
Dungeon (15/15)            Temple (0/1) D:5            Lair (6/6) D:8
 Shoals (1/4) Lair:4       Spider (4/4) Lair:4        Slime (0/5) Lair:6
    Orc (2/2) D:9             Elf (0/3) Orc:2        Vaults (2/5) D:14
 Depths (0/5) D:15          Sewer (visited)          Bailey (visited)
  Crypt: Vaults:2-3

Altars:
Cheibriados
Elyvilon
Gozag
Makhleb
Nemelex Xobeh
Okawaru
Sif Muna
Vehumet
Yredelemnul
The Shining One

Shops:
D:9 *   D:11 }   D:12 ?**   D:15 *   Orc:2 :([}!   Lair:4 *   Lair:6 }
Vaults:1 }[

Annotations:
D:7 exclusion: human
Lair:3 exclusion: 2 elephants
Spider:2 1 runed translucent door


Innate Abilities, Weirdness & Mutations

You cannot wear boots.
Your serpentine skin is tough. (AC +6)
You have supernaturally acute eyesight. (SInv)
Armour fits poorly on your strangely shaped body.
Your system is resistant to poisons. (rPois)
You cover ground very slowly.
You can exhale a cloud of poison.
You can use your snake-like lower body to constrict enemies.
You possess an exceptional clarity of mind.
Your mind is acute. (Int +2)


Message History

The orc warrior becomes distracted by the nearby gold, dreaming of imaginary riches.
The ironbrand convoker hits you with a +2 morningstar of protection!
* * * LOW HITPOINT WARNING * * *
You block the deep troll's attack. x2; The deep troll closely misses you.
Okay, then.
As you read the scroll of teleportation, it crumbles to dust.
You feel strangely unstable.
The ironbrand convoker hits you but does no damage.
The deep troll barely misses you. The deep troll claws you!
* * * LOW HITPOINT WARNING * * *
You block the deep troll's attack.
Unknown command.
The vault warden unwields a +1 vorpal long sword.
The vault warden wields a +0 arbalest.
The vault warden shoots a bolt.
The bolt hits you!!
* * * LOW HITPOINT WARNING * * *
An orc comes into view. It is wielding a +0 mace.
The boulder beetle bites you.
You die...
Your body crumbles into a pile of gold.

#..... $ $ # #....
#.#...# #####
.+...# ##...##
#...# ##.....##
#...###..###..##
#...##..##.##..##
#@p.#..##...##..#
#TB.#..#.....#..#
#opp#..##...##..#.
#.p.##..##(##<.##.
#o..###..#'#..## .
+o..# ##.....## .
#...# ##...## .
#..o#####+#######p
#..(o$..((.....pp.


You could see a vault warden (strong), a death knight (strong), a boulder
beetle, an orc knight, a deep troll, a vault sentinel, an ironbrand convoker, 2
orc warriors and an orc.

Vanquished Creatures
  Kirke (Spider:1)
  A deep elf sorcerer (Vaults:1)
  4 ghost moths
  Louise (Spider:3)
  2 emperor scorpions
  4 ironheart preservers
  2 deep elf demonologists (Vaults:1)
  Nessos (Lair:4)
  A dire elephant (D:15)
  2 spark wasps (Spider:4)
  A deep elf death mage (Vaults:1)
  A fire dragon (D:15)
  A yaktaur captain (Vaults:1)
  A rakshasa (Vaults:1)
  A great orb of eyes (D:15)
  Fannar (D:12)
  10 hydras
  An ogre mage (Vaults:1)
  10 boulder beetles
  Erica (D:10)
  4 catoblepae
  5 centaur warriors
  2 death knights
  6 two-headed ogres
  6 death yaks
  3 deep elf knights (Vaults:1)
  6 orc high priests
  An iron troll (D:14)
  3 deep elf archers (Vaults:1)
  7 skeletal warriors
  3 unseen horrors (D:15)
  2 wizards
  A lindwurm (D:14)
  An ironbrand convoker (Vaults:1)
  9 orc knights
  A phantasmal warrior (D:14)
  A necromancer (Vaults:1)
  3 orc sorcerers
  13 orb spiders
  2 deep elf magi
  5 ugly things
  2 oklob plants (Lair:6)
  A human zombie (Vaults:1)
  37 wolf spiders
  A frost giant zombie (Vaults:1)
  2 manticores (Lair:6)
  3 merfolk sirens (Shoals:1)
  2 elephants (Lair:6)
  6 cyclopes
  A centaur zombie (D:15)
  3 black mambas
  4 moths of wrath
  A torpor snail (Spider:1)
  A water nymph (Shoals:1)
  3 vault sentinels (Vaults:1)
  Joseph (D:7)
  2 gargoyles
  2 freezing wraiths (D:11)
  3 centaur skeletons
  A cane toad (shapeshifter) (Vaults:1)
  16 cane toads
  19 demonic crawlers
  2 rime drakes
  9 komodo dragons
  An efreet (D:13)
  A tengu conjurer (D:14)
  9 trolls
  3 meliai
  21 jumping spiders
  2 polar bears
  10 hornets
  A raiju (shapeshifter) (Vaults:1)
  A blink frog (shapeshifter) (D:15)
  A wolf spider simulacrum (D:14)
  A dream sheep (shapeshifter) (D:14)
  10 slime creatures
  20 blink frogs
  63 redbacks
  4 wraiths
  3 shadows
  A water elemental (Shoals:1)
  9 wyverns
  2 vampires
  32 tarantellas
  60 yaks
  3 hogs (Spider:1)
  4 vampire mosquitoes (D:14)
  A human (shapeshifter) (D:14)
  A steam dragon (D:8)
  5 basilisks
  3 wargs
  2 acid dragons (Vaults:1)
  14 water moccasins
  A soldier ant (D:14)
  52 orc warriors
  An ice beast (D:8)
  3 sky beasts
  2 necrophages
  2 phantoms
  13 ogres
  4 black bears
  11 wolves
  16 centaurs
  5 boggarts (Vaults:1)
  A human skeleton (Vaults:1)
  9 big kobolds
  18 bullfrogs
  A yaktaur skeleton (Vaults:1)
  5 gnoll sergeants (D:9)
  A wyvern zombie (D:13)
  A water moccasin zombie (D:7)
  3 wyvern skeletons
  7 scorpions
  A water moccasin skeleton (D:7)
  3 killer bees (D:10)
  7 wights
  2 howler monkeys (D:10)
  An electric eel (Lair:6)
  4 jellies
  A quasit (D:6)
  An iron imp (D:6)
  34 orc priests
  6 hounds
  31 orc wizards
  4 bullfrog skeletons
  4 iguanas
  12 worker ants
  A worker ant (shapeshifter) (D:15)
  2 hound zombies
  5 hound skeletons
  A worker ant zombie (D:11)
  A howler monkey zombie (D:6)
  A howler monkey skeleton (D:8)
  2 gnolls (D:9)
  14 adders
  8 river rats
  2 shadow imps
  2 white imps
  3 oozes
  2 adder skeletons
  7 worms
  A dart slug (D:1)
  6 leopard geckos
  103 orcs
  7 ball pythons
  14 giant cockroaches
  12 goblins
  6 hobgoblins
  9 jackals
  6 quokkas
  10 bats
  9 frilled lizards
  2 goblin skeletons (D:6)
  2 goblin zombies (D:6)
  2 hobgoblin zombies (D:6)
  A jackal zombie (D:9)
  45 kobolds
  A kobold skeleton (D:6)
  2 kobold zombies (D:6)
  2 leopard gecko skeletons (D:5)
  An orc skeleton (D:6)
  An orc zombie (D:6)
  26 rats
  A spectral orc (D:7)
1128 creatures vanquished.

Vanquished Creatures (collateral kills)
  Jorgrun (Spider:3)
  Gastronok (Lair:3)
  An emperor scorpion (Spider:4)
  Snorg (D:10)
  A jumping spider (Spider:4)
  A tarantella (Spider:4)
  A bullfrog (D:10)
7 creatures vanquished.

Vanquished Creatures (others)
  3 yaks (Lair:6)
  A bush (Lair:2)
  23 fungi
  39 plants
  4 tentacles (Shoals:1)
70 creatures vanquished.

Grand Total: 1205 creatures vanquished

Notes
Turn   | Place    | Note
-------+----------+-------------------------------------------
     0 | D:1      | MajorAdolf the Naga Wanderer began the quest for the Orb.
     0 | D:1      | MajorAdolf set off with the following items: a +2 spear, 2
                  | potions of lignification, a +0 robe
     0 | D:1      | Reached XP level 1. HP: 22/22 MP: 1/1
   171 | D:1      | Reached XP level 2. HP: 29/30 MP: 2/2
   179 | D:1      | Reached skill level 1 in Stealth
   591 | D:1      | Reached XP level 3. HP: 30/36 MP: 3/3
   981 | D:2      | Reached skill level 1 in Axes
   981 | D:2      | Reached skill level 2 in Stealth
  1191 | D:2      | You fall into a shaft and drop 2 floors!
  1210 | D:4      | Reached skill level 1 in Shields
  1210 | D:4      | Reached XP level 4. HP: 26/44 MP: 4/4
  1376 | D:4      | Noticed a phantom
  1383 | D:5      | Entered Level 5 of the Dungeon
  1765 | D:4      | Reached XP level 5. HP: 29/51 MP: 5/5
  2388 | D:2      | Reached skill level 3 in Stealth
  3609 | D:3      | Reached XP level 6. HP: 46/58 MP: 6/6
  4491 | D:4      | Found an opulent altar of Gozag.
  4499 | D:4      | Became a worshipper of Gozag Ym Sagoz the Greedy
  5597 | D:5      | Reached skill level 4 in Stealth
  5858 | D:6      | Found a glowing golden altar of the Shining One.
  5880 | D:6      | Noticed an orc warrior
  6006 | D:6      | Reached XP level 7. HP: 15/66 MP: 7/7
  6072 | D:6      | HP: 2/66 [orc/boomerang (6)]
  6108 | D:6      | Reached skill level 5 in Fighting
  6143 | D:6      | Found a glowing drain.
  6218 | Sewer    | Entered a sewer
  6862 | Sewer    | Reached skill level 5 in Stealth
  7625 | Sewer    | Reached XP level 8. HP: 57/74 MP: 8/8
  8018 | D:6      | You fall into a shaft and drop 3 floors!
  8567 | D:9      | Reached skill level 6 in Stealth
  8778 | D:9      | Bought a fluorescent wand for 92 gold pieces
  8778 | D:9      | Bought a fizzy purple potion for 20 gold pieces
  8778 | D:9      | Bought a scroll labelled MEUSYH DUBO for 23 gold pieces
  8937 | D:7      | Noticed Joseph
 10096 | D:7      | Noticed a two-headed ogre
 10120 | D:7      | Killed a two-headed ogre
 10121 | D:7      | Reached skill level 7 in Stealth
 10121 | D:7      | Reached XP level 9. HP: 16/82 MP: 9/9
 10422 | D:7      | Found an iron altar of Okawaru.
 10446 | D:7      | Found a basalt altar of Yredelemnul.
 10877 | D:6      | Reached skill level 5 in Evocations
 11993 | D:5      | Reached skill level 5 in Axes
 11993 | D:5      | Reached skill level 8 in Stealth
 12720 | D:5      | Found a staircase to the Ecumenical Temple.
 12971 | D:5      | Found a sparkling altar of Nemelex Xobeh.
 13216 | D:7      | Found a shimmering blue altar of Sif Muna.
 14026 | D:7      | You fall into a shaft and drop 2 floors!
 14174 | D:8      | Reached XP level 10. HP: 20/92 MP: 10/10
 14180 | D:8      | Found a burning altar of Makhleb.
 15646 | D:8      | Reached skill level 9 in Stealth
 15774 | D:8      | Found a staircase to the Lair.
 16292 | D:8      | Reached skill level 5 in Dodging
 16588 | D:9      | Bought a warped robe for 131 gold pieces
 16588 | D:9      | Bought an opalescent robe for 131 gold pieces
 16598 | D:9      | Identified the cursed +0 robe "Qeloaw" {Will+ Str+4 Dex-5}
                  | (You bought it in a shop on level 9 of the Dungeon)
 16715 | D:8      | Identified the +3 robe "Asuopub" {rElec rN+ Will+ rCorr
                  | Str+3} (You bought it in a shop on level 9 of the Dungeon)
 16774 | D:9      | Noticed a boulder beetle
 16897 | D:9      | Reached skill level 5 in Shields
 17385 | D:9      | Noticed a two-headed ogre
 17629 | D:9      | Found a staircase to the Orcish Mines.
 17644 | D:10     | Entered Level 10 of the Dungeon
 17651 | D:10     | Noticed a boulder beetle
 17670 | D:10     | Found a flagged portal.
 17672 | D:10     | HP: 4/94 [boulder beetle (26)]
 17682 | Bailey   | Entered a bailey
 18717 | Bailey   | Found a bloodstained altar of Trog.
 18726 | Bailey   | Got a translucent morningstar
 18735 | Bailey   | Identified the +2 morningstar of the Wary Thickets {flame,
                  | rN+ Int-3 Dex+4} (You found it in a bailey)
 19092 | D:11     | Reached skill level 10 in Stealth
 19264 | D:11     | Bought a wand of disintegration (8) for 180 gold pieces
 19264 | D:11     | Bought a wand of disintegration (10) for 210 gold pieces
 19394 | D:11     | Found a sparkling altar of Nemelex Xobeh.
 20379 | D:10     | Noticed a death knight
 20493 | D:9      | Reached XP level 11. HP: 70/102 MP: 11/11
 21594 | D:9      | Killed a two-headed ogre
 21939 | Lair:1   | Entered Level 1 of the Lair of Beasts
 22900 | Lair:1   | Reached skill level 11 in Stealth
 23306 | Lair:1   | Noticed a five-headed hydra
 23313 | Lair:1   | Killed a five-headed hydra
 23340 | Lair:1   | Noticed a death yak
 23364 | Lair:1   | Killed a death yak
 24656 | Lair:2   | Reached XP level 12. HP: 48/112 MP: 12/12
 25058 | Lair:2   | Reached skill level 12 in Stealth
 26289 | Lair:3   | Noticed a boulder beetle
 26327 | Lair:3   | Killed a boulder beetle
 26666 | Lair:3   | Noticed Gastronok
 28827 | Lair:4   | Found a staircase to the Shoals.
 28834 | Lair:4   | Noticed Nessos
 28893 | Lair:4   | Found a hole to the Spider Nest.
 30293 | Lair:5   | Noticed a five-headed hydra
 30298 | Lair:5   | Killed a five-headed hydra
 30299 | Lair:5   | Reached skill level 13 in Stealth
 30622 | Lair:4   | Killed Nessos
 30723 | Lair:3   | Killed Gastronok
 30724 | Lair:3   | Gained mutation: You can use your snake-like lower body to
                  | constrict enemies. [Naga growth]
 30724 | Lair:3   | Reached XP level 13. HP: 99/122 MP: 13/13
 31878 | Lair:4   | Bought a +6 broad axe for 504 gold pieces
 31878 | Lair:4   | Bought 2 scrolls of teleportation for 84 gold pieces
 32398 | Lair:5   | Reached skill level 10 in Fighting
 33427 | Lair:6   | Entered Level 6 of the Lair of Beasts
 33906 | Lair:6   | Reached skill level 14 in Stealth
 34614 | Lair:6   | Identified a scroll of acquirement
 34614 | Lair:6   | Acquired 772 gold pieces
 34970 | Lair:6   | Bought a wand of iceblast (3) for 84 gold pieces
 34970 | Lair:6   | Bought a wand of acid (9) for 312 gold pieces
 34970 | Lair:6   | Bought a wand of flame (17) for 114 gold pieces
 36101 | Lair:6   | Reached XP level 14. HP: 108/133 MP: 14/14
 36137 | Lair:6   | Reached skill level 10 in Evocations
 36450 | Lair:6   | Reached skill level 10 in Axes
 37695 | Lair:6   | Reached skill level 15 in Stealth
 38067 | Lair:6   | Found a staircase to the Slime Pits.
 39014 | D:7      | Killed Joseph
 39116 | D:7      | Found a snail-covered altar of Cheibriados.
 39287 | D:7      | Found a radiant altar of Vehumet.
 40072 | D:10     | Noticed Snorg
 40078 | D:10     | Killed Snorg
 40295 | D:10     | Noticed Erica
 40305 | D:10     | Killed Erica
 41280 | D:12     | Found Iman Sap's Magic Scroll Shop.
 41283 | D:12     | Bought a scroll of blinking for 120 gold pieces
 41283 | D:12     | Bought a scroll of blinking for 120 gold pieces
 41348 | D:12     | Noticed Fannar
 41371 | D:12     | Killed Fannar
 41525 | D:12     | Found Lociagho's Assorted Antiques.
 41531 | D:12     | Bought a runed garnet ring for 130 gold pieces
 41531 | D:12     | Bought a lumpy cyan potion for 23 gold pieces
 42506 | D:12     | Found a white marble altar of Elyvilon.
 42873 | D:12     | Found Keson's General Store.
 42876 | D:12     | Bought a potion of resistance for 110 gold pieces
 43537 | D:13     | Reached XP level 15. HP: 103/139 MP: 15/15
 44845 | D:14     | Reached skill level 16 in Stealth
 47072 | D:14     | Found a gate to the Vaults.
 47115 | D:15     | Entered Level 15 of the Dungeon
 49500 | D:15     | Bought the +10 plate armour "Azyothew" {rPois} for 1263
                  | gold pieces
 50526 | D:15     | Noticed an emperor scorpion
 51124 | D:15     | Killed an emperor scorpion
 51125 | D:15     | Reached skill level 10 in Shields
 51125 | D:15     | Reached XP level 16. HP: 44/152 MP: 16/16
 51477 | D:15     | Found a staircase to the Depths.
 51772 | Orc:1    | Entered Level 1 of the Orcish Mines
 51957 | Orc:2    | Entered Level 2 of the Orcish Mines
 51957 | Orc:2    | Found a staircase to the Elven Halls.
 52126 | Orc:2    | Reached skill level 17 in Stealth
 52319 | Orc:2    | Found Kuanijot's Distillery.
 52420 | Orc:2    | Bought a potion of mutation for 96 gold pieces
 52420 | Orc:2    | Bought a potion of heal wounds for 60 gold pieces
 52420 | Orc:2    | Bought a potion of might for 48 gold pieces
 52420 | Orc:2    | Gained mutation: You can exhale a cloud of poison. [potion
                  | of mutation]
 52420 | Orc:2    | Gained mutation: You possess an exceptional clarity of
                  | mind. [potion of mutation]
 52420 | Orc:2    | Gained mutation: Your mind is acute. (Int +2) [potion of
                  | mutation]
 52574 | Orc:2    | HP: 4/151 [orc priest/divine providence (14)]
 52895 | Orc:1    | Learned a level 3 spell: Ignite Poison
 53543 | Orc:2    | Reached skill level 10 in Dodging
 53560 | Orc:2    | Bought a potion of heal wounds for 60 gold pieces
 53560 | Orc:2    | Bought a potion of heal wounds for 60 gold pieces
 53560 | Orc:2    | Bought a potion of heal wounds for 60 gold pieces
 53560 | Orc:2    | Bought a potion of cancellation for 96 gold pieces
 53696 | Orc:2    | Reached skill level 1 in Poison Magic
 54041 | Orc:2    | Reached skill level 1 in Spellcasting
 54041 | Orc:2    | Reached skill level 1 in Transmutations
 54077 | Orc:2    | Reached skill level 1 in Fire Magic
 54620 | Orc:2    | Found Kianaff's Gadget Shoppe.
 54623 | Orc:2    | Found Jaehev's Antique Weapon Emporium.
 54624 | Orc:2    | Found Mudifudgh's Book Shoppe.
 54625 | Orc:2    | Found Linocot's Armour Shoppe.
 54632 | Orc:2    | Bought a wand of acid (5) for 288 gold pieces
 54632 | Orc:2    | Bought a wand of paralysis (5) for 112 gold pieces
 55970 | Spider:1 | Entered Level 1 of the Spider Nest
 57991 | Spider:1 | Noticed Kirke
 57998 | Spider:1 | Noticed a sphinx
 58007 | Spider:1 | Killed Kirke
 60527 | Spider:2 | Found a runed translucent door.
 60860 | Spider:3 | Reached XP level 17. HP: 122/162 MP: 19/21
 61448 | Spider:3 | Noticed Jorgrun
 61456 | Spider:3 | Killed Jorgrun
 61967 | Spider:3 | Noticed Louise
 61980 | Spider:3 | Killed Louise
 62642 | Spider:4 | Entered Level 4 of the Spider Nest
 62663 | Spider:3 | Reached skill level 5 in Poison Magic
 64417 | Spider:4 | HP: 8/162 [wolf spider (12)]
 64417 | Spider:4 | HP: 3/162 [demonic crawler (3)]
 65590 | Spider:4 | Reached skill level 18 in Stealth
 67020 | Spider:4 | Got a gossamer rune of Zot
 67907 | Shoals:1 | Entered Level 1 of the Shoals
 68102 | Shoals:1 | Noticed a kraken
 68685 | Vaults:1 | Entered Level 1 of the Vaults
 68886 | Vaults:1 | Bought a spiked leather armour for 238 gold pieces
 68886 | Vaults:1 | Bought a twisted leather armour for 238 gold pieces
 68886 | Vaults:1 | Bought a fine leather armour for 238 gold pieces
 68896 | Vaults:1 | Identified the cursed +0 leather armour of Fun {rElec rPois
                  | rCorr Dex+4} (You bought it in a shop on level 1 of the
                  | Vaults)
 68907 | Vaults:1 | Identified the +3 leather armour "Ewiorch" {rElec Str+4
                  | Dex+3} (You bought it in a shop on level 1 of the Vaults)
 68917 | Vaults:1 | Identified the +1 leather armour "Diupn" {*Contam Dex+7}
                  | (You bought it in a shop on level 1 of the Vaults)
 69090 | Vaults:1 | Found Ippun's Gadget Shoppe.
 69460 | Vaults:1 | Bought a wand of acid (11) for 450 gold pieces
 69500 | Vaults:1 | Reached skill level 5 in Fire Magic
 69505 | Vaults:1 | Reached XP level 18. HP: 119/170 MP: 18/24
 69508 | Vaults:1 | Reached skill level 5 in Transmutations
 71921 | Vaults:2 | Reached skill level 5 in Spellcasting
 71925 | Vaults:2 | HP: 2/171 [vault warden/bolt (17)]
 71925 | Vaults:2 | Slain by a boulder beetle

Illustrated notes

Levels and vault maps discovered:
D:1:      evilmike_arrival_rings, layout_basic, grunt_decor_one_mirror
D:2:      layout_basic, minmay_diced_spiral
D:3:      layout_loops_cross, kennysheep_generic_room_6
D:4:      layout_loops_ring, nicolae_overflow_crystal_walls, serial_rivers,
          chequers_serial_rivers_micro_d, chequers_serial_rivers_micro_d,
          chequers_serial_rivers_room_b, chequers_serial_rivers_micro_d,
          chequers_serial_rivers_marsh, chequers_serial_rivers_micro_a
D:5:      layout_basic, minmay_temple_entry_fiery, st_stairs_3,
          nemelex_dance_club_becter
D:6:      layout_loops_cross, nicolae_tso_besieged_by_evil,
          portal_sewer_entry_b, grunt_ministairs_2
D:7:      layout_loops_cross, lemuel_round_altar, overflow_temple_1_default,
          yredelemnul_forgotten_temple_becter, kennysheep_little_box,
          okawaru_humans, uniq_joseph
D:8:      layout_cave_pools, erik_lair_dragon, minivault_24,
          makhleb_blood_cavern_becter
D:9:      layout_irregular_city, kennysheep_orc_monster_closet_entryway,
          minivault_20, minmay_curled_crystal
D:10:     layout_roguey, enter_bailey_4, uniq_snorg, uniq_erica
D:11:     layout_stronghold, nemelex_xobeh_ov_fountains_minmay
D:12:     layout_loops_corners, serial_shops, kennysheep_mini_moat, shop, shop,
          basic_altar, uniq_fannar
D:13:     layout_loops_cross
D:14:     layout_gridville, david_vaults_4, kennysheep_path_1
D:15:     hangedman_depths_entry_try_elsewhere_first, layout_rooms,
          columned_hall_lemuel
Lair:1:   layout_regular_city, nicolae_volcano_entry_hallway,
          hangedman_lair_generics_rect
Lair:2:   layout_misc_corridors
Lair:3:   layout_cave_shapes, uniq_gastronok
Lair:4:   layout_regular_city, shoals_dummy_entry, spider_nest_entry_funnel_web,
          serial_bayou_pond_e, chequers_serial_rivers_small_b,
          serial_bayou_crossing, uniq_nessos
Lair:5:   layout_regular_city, chequers_serial_rivers_large_b,
          grunt_megastairs_4, lemuel_fruit_fields
Lair:6:   evilmike_catoblepas_cave, layout_big_grid,
          minmay_slime_entry_oklob_enclosed, chequers_serial_rivers_micro_e,
          grunt_megastairs_3, infiniplex_staircase_pool
Shoals:1: layout_shoals, wheals_shoals_ruined_temple
Spider:1: layout_spider_delve, nicolae_spider_shape, uniq_kirke
Spider:2: cheibrodos_spider_deadly_dance
Spider:3: layout_spider_delve, uniq_louise, uniq_jorgrun
Spider:4: guppyfry_spider_rune
Orc:1:    layout_caves
Orc:2:    st_orc_pillars, layout_caves, serial_shops, shop
Vaults:1: v_misc_8, hangedman_vaults_variations, v_misc_4, v_pattern_5,
          v_misc_22, nicolae_vaults_rhombus_5, nicolae_vaults_little_squares_4,
          layout_vaults_omnigrid, serial_shops, shop_coins
Vaults:2: v_rooms_5, hangedman_vaults_river_flow, v_misc_29, vaults_dpeg_spiral,
          ontoclasm_vaults_ring_small, v_misc_14, vaults_standard_mumra_lines,
          nicolae_vaults_little_squares_3, vaults_room_semicircle,
          ontoclasm_vaults_gateway, layout_vaults_big_room

Skill      XL: |  1  2  3  4  5  6  7  8  9 10 11 12 13 14 15 16 17 18 |
---------------+-------------------------------------------------------+-----
Stealth        | 1 2 3 4 5 7 8 10 11 13 14 15 16 17 18 | 18.4
Axes           | 1 2 3 4 5 6 7 9 10 11 12 | 12.7
Shields        | 1 2 3 4 5 6 7 8 9 10 11 | 11.0
Evocations     | 2 3 4 5 6 7 9 11 12 13 14 | 14.7
Dodging        | 2 4 5 6 7 8 9 10 | 10.9
Fighting       | 5 6 7 8 9 10 11 12 13 | 13.1
Poison Magic   | 4 6 7 |  7.1
Spellcasting   | 2 4 5 |  5.0
Transmutations | 3 4 5 |  5.4
Fire Magic     | 3 5 |  5.5
Polearms       | |  3.0
Throwing       | |  1.0

Action                   |  1- 3 |  4- 6 |  7- 9 | 10-12 | 13-15 | 16-18 || total
-------------------------+-------+-------+-------+-------+-------+-------++-------
Melee: Spear             |    89 |   100 |       |       |       |       ||   189
       Hand axe          |       |   267 |   773 |   343 |       |       ||  1383
       Broad axe         |       |       |       |   517 |  1238 |  1426 ||  3181
       Constrict         |       |       |       |       |   194 |   265 ||   459
 Cast: Ignite Poison     |       |       |       |       |       |    17 ||    17
Invok: Call Merchant     |       |       |     1 |     1 |     3 |     1 ||     6
 Abil: Spit Poison       |     4 |    24 |    48 |    42 |    12 |       ||   130
       Breathe Poison Ga |       |       |       |       |       |    23 ||    23
Evoke: Wand              |       |       |     8 |    64 |    92 |    11 ||   175
       Phantom mirror    |       |       |       |     2 |     2 |     2 ||     6
  Use: Scroll            |       |     5 |     1 |    19 |    10 |    24 ||    59
       Potion            |       |       |     7 |    15 |     3 |     8 ||    33
 Stab: Sleeping          |     1 |     5 |    10 |    15 |    31 |     5 ||    67
       Distracted        |       |       |     2 |     7 |    10 |    12 ||    31
       Invisible         |       |       |     1 |       |       |       ||     1
       Paralysed         |       |       |       |     2 |     5 |     9 ||    16
Armor: Robe              |    11 |   131 |   390 |   384 |   397 |   202 ||  1515
       Skin              |       |       |    33 |    19 |       |       ||    52
       Plate armour      |       |       |       |       |    91 |  1404 ||  1495
Dodge: Dodged            |    29 |   156 |   175 |   319 |   458 |   250 ||  1387
Block: Tower shield      |       |    92 |   552 |   881 |  1112 |  1760 ||  4397
